Sabres vs Red Wings

Created - 21 décembre 2021 at 15:54

Goals
1 2 3 T
Sabres 2 1 1 4
Red Wings 1 1 0 2
Shots
1 2 3 T
Sabres 10 10 14 34
Red Wings 9 11 7 27

GoalsPenalties
1st period
1. Sabres , Jakob Silfverberg 8 (Tyson Barrie 9, Nick Jensen 8) at 11:40
2. Sabres , Tomas Hertl 10 (Victor Olofsson 9, Jonas Brodin 14) at 14:21
3. Red Wings , Gustav Nyquist 2 (Darnell Nurse 23, Conor Garland 13) at 15:57
Anders Bjork (BUF) for Boarding (Minor) at 19:14
2nd period
4. Red Wings , Tyler Bertuzzi 9 (Dustin Brown 7, Derick Brassard 8) at 10:52
5. Sabres , Tomas Hertl 11 (Anthony Mantha 12) at 19:56
Zack Kassian (DET) for Roughing (Minor) at 8:10
Sean Kuraly (DET) for Roughing (Minor) at 14:14
Jack Johnson (DET) for Hooking (Minor) at 16:32
Jamie Oleksiak (BUF) for Holding (Minor) at 16:32
3rd period
6. Sabres , Phil Kessel 15 (Tyson Barrie 10, Torey Krug 15) at 19:21 (Empty Net)
Dustin Brown (DET) for Tripping (Minor) at 10:52
Goalie Stats
Darcy Kuemper (BUF), 25 saves from 27 shots - (0,926), W, 9-11-0, 60:00 minutes
Vitek Vanecek (DET), 30 saves from 33 shots - (0,909), L, 6-5-0, 59:44 minutes
3 StarsOfficial
1 - Tomas Hertl (BUF)
2 - Tyson Barrie (BUF)
3 - Phil Kessel (BUF)
Referees : Brian Pochmara and Jacob Brenk
Linesman : Ryan Gibbons and Mike Cvik
Game Note
Phil Kessel has scored in a empty net!
Finance
Level 1 -- Attendance: 5000 (100,00%) -- Ticket Income 375 000 $
Level 2 -- Attendance: 3898 (97,45%) -- Ticket Income 148 124 $
Level 3 -- Attendance: 2922 (97,40%) -- Ticket Income 78 894 $
Level 4 -- Attendance: 4000 (100,00%) -- Ticket Income 56 000 $
Luxury Box -- Attendance: 1000 (100,00%) -- Ticket Income 140 000 $
Game was played at the Little Caesars Arena.
Total Attendance: 16820 (98,94%)
Total Ticket Income: 798 018 $
Other Income: 391 029 $
Total Income: 1 189 047 $



Team Name Goals Shots Shots Attemp Shots Blocked PIM HIT PP PK FO%
Sabres 4346664170 / 3 (0%)048%
Red Wings 2274578300 / 1 (0%)052%

Sabres
Player Name POS G A P +/- PIM HIT SHT SB MP PP MP PP SHT PK MP PK SHT FO% FOT
Anders BjorkLW000-1212012:060:0000:0000% 0
Anthony ManthaLW/RW0111001019:214:0300:00075% 4
Blake LizotteC000001009:020:0000:00050% 10
Erik HaulaC/LW0001023015:161:5410:00056% 18
Jack RoslovicC/RW000-1021114:100:4400:0000% 2
Jakob SilfverbergLW/RW1012002018:503:1901:130100% 1
Jamie OleksiakD000-2211116:250:0001:0300% 0
Jonas BrodinD0112002119:063:0810:5600% 0
Mark JankowskiC/LW000000209:480:0000:46050% 2
Nick JensenD0111021120:282:4910:5600% 0
Phil KesselRW1012002116:511:5400:0000% 2
Pierre EngvallC/LW/RW000001209:020:0000:000100% 1
Radko GudasD000-2053017:450:0001:0300% 0
Tomas HertlC/LW2022027021:304:0301:13047% 32
Torey KrugD0113001021:393:0010:0000% 0
Tyler BozakC/RW000-1000012:530:0000:46041% 17
Tyson BarrieD0222001124:362:5710:0000% 0
Victor OlofssonLW/RW0111003017:121:5410:0000% 0
Red Wings
Player Name POS G A P +/- PIM HIT SHT SB MP PP MP PP SHT PK MP PK SHT FO% FOT
Conor GarlandLW/RW011-1001015:311:1610:00025% 4
Danny DeKeyserD0000021217:070:0002:5800% 0
Darnell NurseD011-2041024:091:1602:5910% 0
Derick BrassardC/RW0110017013:180:0000:00047% 15
Drake CaggiulaC/LW/RW000-1020013:420:0002:47050% 2
Dustin BrownRW0111221013:010:0000:0000% 1
Gustav NyquistC/LW/RW101-1022014:381:1600:00050% 2
Jack JohnsonD000-1231121:300:0002:5900% 0
Jakob ChychrunD000-1023319:331:1600:0000% 0
Max DomiC/LW0000011014:190:4300:00041% 22
Miles WoodLW0000022015:400:0003:10133% 3
Nino NiederreiterLW/RW000-1000013:290:4300:0000% 1
Oliver Ekman-LarssonD000-1010022:110:4302:5800% 0
Sean CouturierC000-1012018:411:1603:10082% 22
Sean KuralyC000-1221012:260:0001:32050% 14
Sean WalkerD0001011015:290:4300:0000% 0
Tyler BertuzziLW/RW1010013015:070:4300:0000% 0
Zack KassianLW/RW000-1230112:090:0001:15033% 3

Sabres

5 vs 5 Forward
Line #Left WingCenterRight WingPHYDFOFWanted %Time %Time Play
1Victor OlofssonTomas HertlAnthony Mantha0143531%15:18
2Jakob SilfverbergErik HaulaPhil Kessel0322627%13:22
3Anders BjorkTyler BozakJack Roslovic0322224%12:07
4Mark JankowskiBlake LizottePierre Engvall0411718%9:02
5 vs 5 Defense
Line #DefenseDefensePHYDFOFWanted %Time %Time Play
1Jonas BrodinTorey Krug0323328%13:43
2Tyson BarrieNick Jensen0323134%16:43
3Jamie OleksiakRadko Gudas0412031%15:23
4Tyson BarrieTorey Krug122168%4:00
Power Play Forward
Line #Left WingCenterRight WingPHYDFOFWanted %Time %Time Play
1Jakob SilfverbergTomas HertlAnthony Mantha1045068%4:03
2Victor OlofssonErik HaulaPhil Kessel0055032%1:54
Power Play Defense
Line #DefenseDefensePHYDFOFWanted %Time %Time Play
1Nick JensenTorey Krug0145047%2:49
2Tyson BarrieJonas Brodin0145053%3:08
Penalty Kill 4 Players Forward
Line #CenterWingPHYDFOFWanted %Time %Time Play
1Tomas HertlJakob Silfverberg1315061%1:13
2Tyler BozakMark Jankowski1315039%0:46
Penalty Kill 4 Players Defense
Line #DefenseDefensePHYDFOFWanted %Time %Time Play
1Nick JensenJonas Brodin1405047%0:56
2Jamie OleksiakRadko Gudas1225053%1:03
Penalty Kill 3 Players
Line #WingPHYDFOFWanted %Time %Time PlayDefenseDefensePHYDFOFWanted %Time %Time Play
1Tomas Hertl131500%0:00 Tyson BarrieTorey Krug131500%0:00
2Jakob Silfverberg131500%0:00 Nick JensenRadko Gudas122500%0:00
4 vs 4 Forward
Line #CenterWingPHYDFOFWanted %Time %Time Play
1Tomas HertlJakob Silfverberg1225034%0:40
2Jack RoslovicPhil Kessel1225066%1:19
4 vs 4 Defense
Line #DefensePHYDFOFWanted %Time %Time Play
1Tyson BarrieTorey Krug1225034%50% - 0:40
2Jonas BrodinRadko Gudas1225066%50% - 1:19
Last Minutes Offensive
Left WingCenterRight WingDefenseDefense
Jakob SilfverbergTomas HertlVictor OlofssonTyson BarrieTorey Krug
Last Minutes Defensive
Left WingCenterRight WingDefenseDefense
Jakob SilfverbergTomas HertlPhil KesselTyson BarrieTorey Krug
Time
Total ForwardTotal DefenseLast Minutes OffensiveLast Minutes Defensive
60:00 60:00 0:000:16
Extra Forwards
Normal PowerPlayPenalty Kill
Jakob Silfverberg, Anthony Mantha, Victor OlofssonJack Roslovic, Pierre EngvallErik Haula
Extra Defensemen
Normal PowerPlayPenalty Kill
Jonas Brodin, Nick Jensen, Jamie OleksiakTorey Krug, Tyson BarrieJamie Oleksiak
Penalty Shots
Tomas Hertl, Anthony Mantha, Phil Kessel, Victor Olofsson, Jakob Silfverberg
Goalie
Darcy Kuemper, David Rittich
Custom OT Lines Forwards
Tomas Hertl, Jakob Silfverberg, Phil Kessel, Anthony Mantha, Jack Roslovic, Erik Haula, Blake Lizotte, Victor Olofsson, Tyler Bozak, Mark Jankowski
Custom OT Lines Defensemen
Tyson Barrie, Torey Krug, Jamie Oleksiak, Radko Gudas, Jonas Brodin
Scratches
Ilya Lyubushkin (Healthy), Antoine Roussel (Healthy), Charlie Lindgren (Healthy)

Red Wings

5 vs 5 Forward
Line #Left WingCenterRight WingPHYDFOFWanted %Time %Time Play
1Gustav NyquistSean CouturierConor Garland0232627%13:22
2Miles WoodMax DomiNino Niederreiter0142625%12:30
3Tyler BertuzziDerick BrassardDustin Brown0142626%13:02
4Zack KassianSean KuralyDrake Caggiula0322222%10:55
5 vs 5 Defense
Line #DefenseDefensePHYDFOFWanted %Time %Time Play
1Darnell NurseJack Johnson0233637%18:32
2Oliver Ekman-LarssonJakob Chychrun0323635%17:24
3Sean WalkerDanny DeKeyser1222828%13:53
4Darnell NurseOliver Ekman-Larsson02300%0:00
Power Play Forward
Line #Left WingCenterRight WingPHYDFOFWanted %Time %Time Play
1Conor GarlandSean CouturierGustav Nyquist0055064%1:16
2Nino NiederreiterMax DomiTyler Bertuzzi0055036%0:43
Power Play Defense
Line #DefenseDefensePHYDFOFWanted %Time %Time Play
1Darnell NurseJakob Chychrun0145064%1:16
2Oliver Ekman-LarssonSean Walker0145036%0:43
Penalty Kill 4 Players Forward
Line #CenterWingPHYDFOFWanted %Time %Time Play
1Sean CouturierMiles Wood1135053%3:10
2Sean KuralyDrake Caggiula1135047%2:47
Penalty Kill 4 Players Defense
Line #DefenseDefensePHYDFOFWanted %Time %Time Play
1Darnell NurseJack Johnson1135250%2:59
2Oliver Ekman-LarssonDanny DeKeyser1134850%2:58
Penalty Kill 3 Players
Line #WingPHYDFOFWanted %Time %Time PlayDefenseDefensePHYDFOFWanted %Time %Time Play
1Sean Couturier050500%0:00 Darnell NurseJack Johnson050520%0:00
2Sean Kuraly050500%0:00 Oliver Ekman-LarssonDanny DeKeyser050480%0:00
4 vs 4 Forward
Line #CenterWingPHYDFOFWanted %Time %Time Play
1Sean CouturierConor Garland0235045%0:53
2Max DomiTyler Bertuzzi0235055%1:06
4 vs 4 Defense
Line #DefensePHYDFOFWanted %Time %Time Play
1Darnell NurseOliver Ekman-Larsson0235055%50% - 1:06
2Jakob ChychrunSean Walker0235045%50% - 0:53
Last Minutes Offensive
Left WingCenterRight WingDefenseDefense
Tyler BertuzziSean CouturierConor GarlandDarnell NurseJakob Chychrun
Last Minutes Defensive
Left WingCenterRight WingDefenseDefense
Drake CaggiulaSean CouturierSean KuralyDarnell NurseJack Johnson
Time
Total ForwardTotal DefenseLast Minutes OffensiveLast Minutes Defensive
60:00 60:00 0:160:00
Extra Forwards
Normal PowerPlayPenalty Kill
Sean Couturier, Tyler Bertuzzi, Conor GarlandDustin Brown, Derick BrassardZack Kassian
Extra Defensemen
Normal PowerPlayPenalty Kill
Darnell Nurse, Oliver Ekman-Larsson, Jakob ChychrunSean Walker, Jakob ChychrunDarnell Nurse
Penalty Shots
Sean Couturier, Tyler Bertuzzi, Conor Garland, Nino Niederreiter, Miles Wood
Goalie
Vitek Vanecek, Calvin Petersen
Custom OT Lines Forwards
Sean Couturier, Tyler Bertuzzi, Conor Garland, Gustav Nyquist, Nino Niederreiter, Max Domi, Dustin Brown, Miles Wood, Derick Brassard, Drake Caggiula
Custom OT Lines Defensemen
Darnell Nurse, Jakob Chychrun, Oliver Ekman-Larsson, Sean Walker, Danny DeKeyser
Scratches
Ondrej Kase (Healthy), Kyle Turris (Healthy), Mason Marchment (Healthy)


Play-by-Play

1st period


0:01 of 1st period - Sean Couturier wins face-off versus Tomas Hertl in neutral zone.
0:04 of 1st period - Jonas Brodin is hit by Gustav Nyquist and loses puck.
0:16 of 1st period - Icing by Torey Krug.
0:17 of 1st period - Tomas Hertl wins face-off versus Max Domi in Sabres zone.
2:16 of 1st period - Shot by Darnell Nurse.
2:16 of 1st period - Shot Misses the Net.
2:27 of 1st period - Tyler Bozak is hit by Sean Kuraly and loses puck.
2:32 of 1st period - Shot by Anders Bjork.
2:32 of 1st period - Shot Blocked by Zack Kassian.
3:58 of 1st period - Icing by Blake Lizotte.
3:59 of 1st period - Blake Lizotte wins face-off versus Derick Brassard in Sabres zone.
3:59 of 1st period - Blake Lizotte is hit by Tyler Bertuzzi.
4:29 of 1st period - Shot by Tyler Bertuzzi.
4:29 of 1st period - Shot Misses the Net.
5:04 of 1st period - Zack Kassian is hit by Tomas Hertl and loses puck.
5:17 of 1st period - Shot by Jamie Oleksiak.
5:17 of 1st period - Stopped by Vitek Vanecek with a rebound.
5:19 of 1st period - Shot by Jakob Silfverberg.
5:19 of 1st period - Shot Misses the Net.
6:09 of 1st period - Icing by Jonas Brodin.
6:10 of 1st period - Tyler Bozak wins face-off versus Sean Couturier in Sabres zone.
6:14 of 1st period - Torey Krug is hit by Gustav Nyquist and loses puck.
6:18 of 1st period - Off-side.
6:19 of 1st period - Sean Couturier wins face-off versus Blake Lizotte in neutral zone.
6:46 of 1st period - Shot by Sean Couturier.
6:46 of 1st period - Stopped by Darcy Kuemper without a rebound.
6:47 of 1st period - Max Domi wins face-off versus Tomas Hertl in Sabres zone.
6:47 of 1st period - Darnell Nurse is hit by Radko Gudas and loses puck.
7:03 of 1st period - Victor Olofsson is hit by Jack Johnson and loses puck.
7:16 of 1st period - Shot by Victor Olofsson.
7:16 of 1st period - Shot Misses the Net.
7:23 of 1st period - Anthony Mantha is hit by Darnell Nurse and loses puck.
7:27 of 1st period - Icing by Darnell Nurse.
7:28 of 1st period - Tyler Bozak wins face-off versus Max Domi in Red Wings zone.
7:44 of 1st period - Icing by Max Domi.
7:45 of 1st period - Max Domi wins face-off versus Erik Haula in Red Wings zone.
7:53 of 1st period - Icing by Nick Jensen.
7:54 of 1st period - Sean Couturier wins face-off versus Erik Haula in Sabres zone.
8:03 of 1st period - Shot by Gustav Nyquist.
8:03 of 1st period - Shot Blocked by Phil Kessel.
8:27 of 1st period - Shot by Jakob Silfverberg.
8:27 of 1st period - Stopped by Vitek Vanecek without a rebound.
8:28 of 1st period - Tomas Hertl wins face-off versus Derick Brassard in Red Wings zone.
8:33 of 1st period - Shot by Anthony Mantha.
8:33 of 1st period - Shot Misses the Net.
8:43 of 1st period - Shot by Tyler Bertuzzi.
8:43 of 1st period - Stopped by Darcy Kuemper with a rebound.
8:45 of 1st period - Shot by Dustin Brown.
8:45 of 1st period - Stopped by Darcy Kuemper without a rebound.
8:46 of 1st period - Max Domi wins face-off versus Tyler Bozak in Sabres zone.
9:01 of 1st period - Shot by Tyler Bozak.
9:01 of 1st period - Shot Misses the Net.
9:05 of 1st period - Shot by Anders Bjork.
9:05 of 1st period - Stopped by Vitek Vanecek without a rebound.
9:06 of 1st period - Tomas Hertl wins face-off versus Derick Brassard in Red Wings zone.
9:18 of 1st period - Tomas Hertl is hit by Jakob Chychrun and loses puck.
10:06 of 1st period - Torey Krug is hit by Dustin Brown.
10:17 of 1st period - Icing by Tyson Barrie.
10:18 of 1st period - Tomas Hertl wins face-off versus Gustav Nyquist in Sabres zone.
10:47 of 1st period - Shot by Jamie Oleksiak.
10:47 of 1st period - Shot Blocked by Danny DeKeyser.
10:50 of 1st period - Icing by Sean Couturier.
10:51 of 1st period - Conor Garland wins face-off versus Tyler Bozak in Red Wings zone.
11:38 of 1st period - Shot by Tyson Barrie.
11:38 of 1st period - Shot Misses the Net.
11:40 of 1st period - Shot by Jakob Silfverberg.
11:40 of 1st period - Goal by Jakob Silfverberg - Sabres : 1 - Red Wings : 0.
11:41 of 1st period - Max Domi wins face-off versus Erik Haula in neutral zone.
11:43 of 1st period - Oliver Ekman-Larsson is hit by Erik Haula and loses puck.
12:16 of 1st period - Icing by Jakob Chychrun.
12:17 of 1st period - Max Domi wins face-off versus Blake Lizotte in Red Wings zone.
12:36 of 1st period - Shot by Miles Wood.
12:36 of 1st period - Stopped by Darcy Kuemper with a rebound.
12:39 of 1st period - Icing by Tyson Barrie.
12:40 of 1st period - Blake Lizotte wins face-off versus Sean Kuraly in Sabres zone.
12:46 of 1st period - Tyson Barrie is hit by Darnell Nurse and loses puck.
13:03 of 1st period - Shot by Blake Lizotte.
13:03 of 1st period - Shot Misses the Net.
13:05 of 1st period - Shot by Pierre Engvall.
13:05 of 1st period - Stopped by Vitek Vanecek with a rebound.
13:35 of 1st period - Shot by Jonas Brodin.
13:35 of 1st period - Stopped by Vitek Vanecek without a rebound.
13:36 of 1st period - Derick Brassard wins face-off versus Tyler Bozak in Red Wings zone.
13:36 of 1st period - Derick Brassard is hit by Anders Bjork.
13:53 of 1st period - Shot by Anders Bjork.
13:53 of 1st period - Stopped by Vitek Vanecek without a rebound.
13:54 of 1st period - Sean Couturier wins face-off versus Tomas Hertl in Red Wings zone.
14:21 of 1st period - Shot by Tomas Hertl.
14:21 of 1st period - Goal by Tomas Hertl - Sabres : 2 - Red Wings : 0.
14:22 of 1st period - Erik Haula wins face-off versus Derick Brassard in neutral zone.
14:24 of 1st period - Tyson Barrie is hit by Danny DeKeyser and loses puck.
14:36 of 1st period - Erik Haula is hit by Sean Walker and loses puck.
14:55 of 1st period - Shot by Derick Brassard.
14:55 of 1st period - Stopped by Darcy Kuemper without a rebound.
14:56 of 1st period - Tyler Bozak wins face-off versus Max Domi in Sabres zone.
15:03 of 1st period - Shot by Miles Wood.
15:03 of 1st period - Shot Misses the Net.
15:08 of 1st period - Off-side.
15:09 of 1st period - Sean Kuraly wins face-off versus Tomas Hertl in neutral zone.
15:28 of 1st period - Shot by Jakob Chychrun.
15:28 of 1st period - Stopped by Darcy Kuemper with a rebound.
15:31 of 1st period - Icing by Radko Gudas.
15:32 of 1st period - Sean Couturier wins face-off versus Tomas Hertl in Sabres zone.
15:57 of 1st period - Shot by Gustav Nyquist.
15:57 of 1st period - Goal by Gustav Nyquist - Sabres : 2 - Red Wings : 1.
15:58 of 1st period - Tyler Bozak wins face-off versus Max Domi in neutral zone.
16:31 of 1st period - Shot by Jack Roslovic.
16:31 of 1st period - Stopped by Vitek Vanecek without a rebound.
16:32 of 1st period - Derick Brassard wins face-off versus Erik Haula in Red Wings zone.
16:45 of 1st period - Shot by Derick Brassard.
16:45 of 1st period - Stopped by Darcy Kuemper without a rebound.
16:46 of 1st period - Blake Lizotte wins face-off versus Sean Kuraly in Sabres zone.
16:55 of 1st period - Shot by Mark Jankowski.
16:55 of 1st period - Stopped by Vitek Vanecek without a rebound.
16:56 of 1st period - Erik Haula wins face-off versus Conor Garland in Red Wings zone.
17:39 of 1st period - Shot by Jakob Silfverberg.
17:39 of 1st period - Shot Misses the Net.
18:11 of 1st period - Shot by Victor Olofsson.
18:11 of 1st period - Deflect By Tomas Hertl.
18:11 of 1st period - Shot Blocked by Danny DeKeyser.
18:30 of 1st period - Shot by Derick Brassard.
18:30 of 1st period - Stopped by Darcy Kuemper without a rebound.
18:31 of 1st period - Tyler Bozak wins face-off versus Max Domi in Sabres zone.
18:31 of 1st period - Tyler Bozak is hit by Miles Wood.
18:34 of 1st period - Jamie Oleksiak is hit by Miles Wood and loses puck.
19:14 of 1st period - Minor Penalty to Anders Bjork for Boarding.
19:15 of 1st period - Sean Couturier wins face-off versus Tomas Hertl in Sabres zone.
19:20 of 1st period - Shot by Jakob Chychrun.
19:20 of 1st period - Shot Misses the Net.
Goals for this period are 2 for Sabres vs 1 for Red Wings.
Shots for this period are 10 for Sabres vs 9 for Red Wings.

2nd period


0:01 of 2nd period - Tyler Bozak wins face-off versus Max Domi in neutral zone.
0:19 of 2nd period - Max Domi is hit by Jamie Oleksiak and loses puck.
0:39 of 2nd period - Off-side.
0:40 of 2nd period - Gustav Nyquist wins face-off versus Tyler Bozak in neutral zone.
0:43 of 2nd period - Nick Jensen is hit by Sean Couturier and loses puck.
0:52 of 2nd period - Shot by Darnell Nurse.
0:52 of 2nd period - Shot Blocked by Jonas Brodin.
0:54 of 2nd period - Shot by Conor Garland.
0:54 of 2nd period - Stopped by Darcy Kuemper without a rebound.
0:55 of 2nd period - Sean Couturier wins face-off versus Tomas Hertl in Sabres zone.
1:37 of 2nd period - Tyson Barrie is hit by Sean Kuraly and loses puck.
1:42 of 2nd period - Sean Walker is hit by Jack Roslovic and loses puck.
1:47 of 2nd period - Shot by Jack Roslovic.
1:47 of 2nd period - Shot Misses the Net.
1:49 of 2nd period - Shot by Tyson Barrie.
1:49 of 2nd period - Shot Misses the Net.
4:23 of 2nd period - Icing by Sean Couturier.
4:24 of 2nd period - Sean Couturier wins face-off versus Tomas Hertl in Red Wings zone.
4:35 of 2nd period - Icing by Radko Gudas.
4:36 of 2nd period - Sean Kuraly wins face-off versus Tomas Hertl in Sabres zone.
4:51 of 2nd period - Shot by Tomas Hertl.
4:51 of 2nd period - Stopped by Vitek Vanecek without a rebound.
4:52 of 2nd period - Derick Brassard wins face-off versus Blake Lizotte in Red Wings zone.
5:53 of 2nd period - Shot by Victor Olofsson.
5:53 of 2nd period - Shot Misses the Net.
5:55 of 2nd period - Shot by Tomas Hertl.
5:55 of 2nd period - Shot Misses the Net.
5:57 of 2nd period - Shot by Anthony Mantha.
5:57 of 2nd period - Shot Misses the Net.
5:59 of 2nd period - Shot by Radko Gudas.
5:59 of 2nd period - Stopped by Vitek Vanecek without a rebound.
6:00 of 2nd period - Max Domi wins face-off versus Erik Haula in Red Wings zone.
6:14 of 2nd period - Icing by Tyson Barrie.
6:15 of 2nd period - Sean Kuraly wins face-off versus Phil Kessel in Sabres zone.
6:22 of 2nd period - Jakob Silfverberg is hit by Zack Kassian.
6:28 of 2nd period - Icing by Erik Haula.
6:29 of 2nd period - Sean Couturier wins face-off versus Erik Haula in Sabres zone.
6:33 of 2nd period - Icing by Jakob Silfverberg.
6:34 of 2nd period - Erik Haula wins face-off versus Conor Garland in Sabres zone.
6:38 of 2nd period - Jakob Silfverberg is hit by Jack Johnson and loses puck.
6:50 of 2nd period - Erik Haula is hit by Darnell Nurse and loses puck.
7:14 of 2nd period - Shot by Gustav Nyquist.
7:14 of 2nd period - Stopped by Darcy Kuemper without a rebound.
7:15 of 2nd period - Tomas Hertl wins face-off versus Max Domi in Sabres zone.
7:49 of 2nd period - Shot by Tomas Hertl.
7:49 of 2nd period - Shot Blocked by Jakob Chychrun.
7:52 of 2nd period - Icing by Max Domi.
7:53 of 2nd period - Tyler Bozak wins face-off versus Max Domi in Red Wings zone.
8:00 of 2nd period - Shot by Radko Gudas.
8:00 of 2nd period - Shot Misses the Net.
8:02 of 2nd period - Shot by Radko Gudas.
8:02 of 2nd period - Stopped by Vitek Vanecek without a rebound.
8:03 of 2nd period - Sean Kuraly wins face-off versus Blake Lizotte in Red Wings zone.
8:03 of 2nd period - Sean Kuraly is hit by Blake Lizotte.
8:09 of 2nd period - Nick Jensen is hit by Drake Caggiula and loses puck.
8:10 of 2nd period - Minor Penalty to Zack Kassian for Roughing.
8:11 of 2nd period - Erik Haula wins face-off versus Sean Kuraly in Red Wings zone.
8:11 of 2nd period - Torey Krug is hit by Jack Johnson and loses puck.
8:18 of 2nd period - Shot by Torey Krug.
8:18 of 2nd period - Shot Misses the Net.
8:20 of 2nd period - Shot by Victor Olofsson.
8:20 of 2nd period - Stopped by Vitek Vanecek without a rebound.
8:21 of 2nd period - Sean Couturier wins face-off versus Tomas Hertl in Red Wings zone.
8:46 of 2nd period - Shot by Tyson Barrie.
8:46 of 2nd period - Stopped by Vitek Vanecek without a rebound.
8:47 of 2nd period - Sean Couturier wins face-off versus Phil Kessel in Red Wings zone.
9:10 of 2nd period - Shot by Nick Jensen.
9:10 of 2nd period - Shot Misses the Net.
9:22 of 2nd period - Shot by Nick Jensen.
9:22 of 2nd period - Stopped by Vitek Vanecek without a rebound.
9:23 of 2nd period - Anthony Mantha wins face-off versus Miles Wood in Red Wings zone.
9:34 of 2nd period - Shot by Jonas Brodin.
9:34 of 2nd period - Shot Misses the Net.
10:30 of 2nd period - Shot by Derick Brassard.
10:30 of 2nd period - Stopped by Darcy Kuemper without a rebound.
10:31 of 2nd period - Blake Lizotte wins face-off versus Sean Kuraly in Sabres zone.
10:42 of 2nd period - Shot by Mark Jankowski.
10:42 of 2nd period - Stopped by Vitek Vanecek without a rebound.
10:43 of 2nd period - Derick Brassard wins face-off versus Tyler Bozak in Red Wings zone.
10:52 of 2nd period - Shot by Tyler Bertuzzi.
10:52 of 2nd period - Goal by Tyler Bertuzzi - Sabres : 2 - Red Wings : 2.
10:53 of 2nd period - Sean Kuraly wins face-off versus Tomas Hertl in neutral zone.
12:15 of 2nd period - Icing by Conor Garland.
12:16 of 2nd period - Sean Couturier wins face-off versus Tyler Bozak in Red Wings zone.
12:16 of 2nd period - Sean Couturier is hit by Jack Roslovic.
12:48 of 2nd period - Shot by Sean Couturier.
12:48 of 2nd period - Shot Hit the Post.
14:12 of 2nd period - Shot by Derick Brassard.
14:12 of 2nd period - Stopped by Darcy Kuemper without a rebound.
14:13 of 2nd period - Tomas Hertl wins face-off versus Sean Kuraly in Sabres zone.
14:13 of 2nd period - Tomas Hertl is hit by Zack Kassian.
14:14 of 2nd period - Minor Penalty to Sean Kuraly for Roughing.
14:15 of 2nd period - Tomas Hertl wins face-off versus Zack Kassian in Red Wings zone.
14:38 of 2nd period - Shot by Jonas Brodin.
14:38 of 2nd period - Stopped by Vitek Vanecek with a rebound.
14:40 of 2nd period - Shot by Jack Roslovic.
14:40 of 2nd period - Shot Misses the Net.
15:10 of 2nd period - Shot by Miles Wood.
15:10 of 2nd period - Stopped by Darcy Kuemper with a rebound.
15:12 of 2nd period - Shot by Darnell Nurse.
15:12 of 2nd period - Stopped by Darcy Kuemper without a rebound.
15:13 of 2nd period - Erik Haula wins face-off versus Zack Kassian in Sabres zone.
15:13 of 2nd period - Erik Haula is hit by Drake Caggiula.
15:32 of 2nd period - Shot by Torey Krug.
15:32 of 2nd period - Shot Blocked by Jack Johnson.
15:34 of 2nd period - Shot by Erik Haula.
15:34 of 2nd period - Stopped by Vitek Vanecek without a rebound.
15:35 of 2nd period - Miles Wood wins face-off versus Tomas Hertl in Red Wings zone.
15:45 of 2nd period - Off-side.
15:46 of 2nd period - Tomas Hertl wins face-off versus Sean Couturier in neutral zone.
16:16 of 2nd period - Icing by Jack Johnson.
16:17 of 2nd period - Derick Brassard wins face-off versus Blake Lizotte in Red Wings zone.
16:22 of 2nd period - Darnell Nurse is hit by Radko Gudas and loses puck.
16:32 of 2nd period - Minor Penalty to Jack Johnson for Hooking.
16:32 of 2nd period - Minor Penalty to Jamie Oleksiak for Holding.
16:33 of 2nd period - Sean Couturier wins face-off versus Jack Roslovic in Red Wings zone.
16:58 of 2nd period - Shot by Jakob Chychrun.
16:58 of 2nd period - Stopped by Darcy Kuemper with a rebound.
17:57 of 2nd period - Shot by Max Domi.
17:57 of 2nd period - Stopped by Darcy Kuemper without a rebound.
17:58 of 2nd period - Max Domi wins face-off versus Jack Roslovic in Sabres zone.
18:42 of 2nd period - Zack Kassian is hit by Nick Jensen.
19:05 of 2nd period - Danny DeKeyser is hit by Nick Jensen and loses puck.
19:30 of 2nd period - Shot by Sean Couturier.
19:30 of 2nd period - Stopped by Darcy Kuemper with a rebound.
19:33 of 2nd period - Icing by Nick Jensen.
19:34 of 2nd period - Blake Lizotte wins face-off versus Derick Brassard in Sabres zone.
19:48 of 2nd period - Shot by Derick Brassard.
19:48 of 2nd period - Stopped by Darcy Kuemper without a rebound.
19:49 of 2nd period - Tomas Hertl wins face-off versus Sean Couturier in Sabres zone.
19:54 of 2nd period - Shot by Anthony Mantha.
19:54 of 2nd period - Deflect By Tomas Hertl.
19:54 of 2nd period - Shot Misses the Net.
19:56 of 2nd period - Shot by Tomas Hertl.
19:56 of 2nd period - Goal by Tomas Hertl - Sabres : 3 - Red Wings : 2.
19:57 of 2nd period - Tomas Hertl wins face-off versus Max Domi in neutral zone.
Goals for this period are 1 for Sabres vs 1 for Red Wings.
Shots for this period are 10 for Sabres vs 11 for Red Wings.

3rd period


0:01 of 3rd period - Tomas Hertl wins face-off versus Nino Niederreiter in neutral zone.
0:14 of 3rd period - Off-side.
0:15 of 3rd period - Derick Brassard wins face-off versus Tyler Bozak in neutral zone.
0:37 of 3rd period - Shot by Dustin Brown.
0:37 of 3rd period - Shot Misses the Net.
0:39 of 3rd period - Shot by Dustin Brown.
0:39 of 3rd period - Shot Misses the Net.
1:34 of 3rd period - Shot by Jack Johnson.
1:34 of 3rd period - Stopped by Darcy Kuemper with a rebound.
1:58 of 3rd period - Shot by Tomas Hertl.
1:58 of 3rd period - Stopped by Vitek Vanecek without a rebound.
1:59 of 3rd period - Sean Couturier wins face-off versus Erik Haula in Red Wings zone.
1:59 of 3rd period - Sean Couturier is hit by Erik Haula.
2:28 of 3rd period - Conor Garland is hit by Radko Gudas and loses puck.
2:39 of 3rd period - Shot by Erik Haula.
2:39 of 3rd period - Stopped by Vitek Vanecek with a rebound.
2:54 of 3rd period - Off-side.
2:55 of 3rd period - Tomas Hertl wins face-off versus Max Domi in neutral zone.
3:02 of 3rd period - Shot by Tomas Hertl.
3:02 of 3rd period - Shot Misses the Net.
3:20 of 3rd period - Shot by Tomas Hertl.
3:20 of 3rd period - Shot Misses the Net.
3:22 of 3rd period - Shot by Anthony Mantha.
3:22 of 3rd period - Deflect By Tomas Hertl.
3:22 of 3rd period - Stopped by Vitek Vanecek without a rebound.
3:23 of 3rd period - Drake Caggiula wins face-off versus Mark Jankowski in Red Wings zone.
3:44 of 3rd period - Shot by Sean Kuraly.
3:44 of 3rd period - Stopped by Darcy Kuemper without a rebound.
3:45 of 3rd period - Max Domi wins face-off versus Tomas Hertl in Sabres zone.
3:59 of 3rd period - Shot by Nino Niederreiter.
3:59 of 3rd period - Shot Blocked by Jamie Oleksiak.
4:36 of 3rd period - Icing by Jack Johnson.
4:37 of 3rd period - Erik Haula wins face-off versus Miles Wood in Red Wings zone.
5:47 of 3rd period - Icing by Nick Jensen.
5:48 of 3rd period - Derick Brassard wins face-off versus Tyler Bozak in Sabres zone.
6:28 of 3rd period - Shot by Tyler Bertuzzi.
6:28 of 3rd period - Shot Blocked by Nick Jensen.
6:30 of 3rd period - Shot by Sean Walker.
6:30 of 3rd period - Shot Blocked by Jack Roslovic.
8:13 of 3rd period - Shot by Sean Walker.
8:13 of 3rd period - Stopped by Darcy Kuemper without a rebound.
8:14 of 3rd period - Erik Haula wins face-off versus Dustin Brown in Sabres zone.
8:14 of 3rd period - Erik Haula is hit by Derick Brassard.
8:24 of 3rd period - Jakob Silfverberg is hit by Dustin Brown and loses puck.
8:41 of 3rd period - Shot by Derick Brassard.
8:41 of 3rd period - Stopped by Darcy Kuemper without a rebound.
8:42 of 3rd period - Max Domi wins face-off versus Tomas Hertl in Sabres zone.
9:00 of 3rd period - Off-side.
9:01 of 3rd period - Pierre Engvall wins face-off versus Sean Kuraly in neutral zone.
9:04 of 3rd period - Darnell Nurse is hit by Pierre Engvall and loses puck.
9:18 of 3rd period - Blake Lizotte is hit by Darnell Nurse and loses puck.
9:21 of 3rd period - Shot by Pierre Engvall.
9:21 of 3rd period - Stopped by Vitek Vanecek without a rebound.
9:22 of 3rd period - Sean Couturier wins face-off versus Anthony Mantha in Red Wings zone.
9:33 of 3rd period - Shot by Anthony Mantha.
9:33 of 3rd period - Stopped by Vitek Vanecek without a rebound.
9:34 of 3rd period - Erik Haula wins face-off versus Derick Brassard in Red Wings zone.
10:27 of 3rd period - Shot by Tomas Hertl.
10:27 of 3rd period - Shot Misses the Net.
10:29 of 3rd period - Shot by Tomas Hertl.
10:29 of 3rd period - Stopped by Vitek Vanecek with a rebound.
10:50 of 3rd period - Darnell Nurse is hit by Radko Gudas and loses puck.
10:52 of 3rd period - Minor Penalty to Dustin Brown for Tripping.
10:53 of 3rd period - Sean Couturier wins face-off versus Tomas Hertl in Red Wings zone.
10:59 of 3rd period - Icing by Jakob Silfverberg.
11:00 of 3rd period - Anthony Mantha wins face-off versus Sean Couturier in Sabres zone.
11:09 of 3rd period - Shot by Torey Krug.
11:09 of 3rd period - Stopped by Vitek Vanecek with a rebound.
11:23 of 3rd period - Sean Kuraly is hit by Tomas Hertl and loses puck.
11:35 of 3rd period - Icing by Jakob Silfverberg.
11:36 of 3rd period - Sean Couturier wins face-off versus Tomas Hertl in Sabres zone.
11:41 of 3rd period - Shot by Sean Couturier.
11:41 of 3rd period - Shot Misses the Net.
11:43 of 3rd period - Shot by Danny DeKeyser.
11:43 of 3rd period - Shot Misses the Net.
12:03 of 3rd period - Shot by Sean Couturier.
12:03 of 3rd period - Shot Misses the Net.
12:47 of 3rd period - Shot by Phil Kessel.
12:47 of 3rd period - Shot Hit the Post.
13:32 of 3rd period - Icing by Blake Lizotte.
13:33 of 3rd period - Mark Jankowski wins face-off versus Sean Kuraly in Sabres zone.
13:33 of 3rd period - Blake Lizotte is hit by Zack Kassian and loses puck.
13:54 of 3rd period - Shot by Sean Kuraly.
13:54 of 3rd period - Shot Misses the Net.
13:56 of 3rd period - Shot by Danny DeKeyser.
13:56 of 3rd period - Stopped by Darcy Kuemper without a rebound.
13:57 of 3rd period - Sean Couturier wins face-off versus Tyler Bozak in Sabres zone.
14:02 of 3rd period - Shot by Gustav Nyquist.
14:02 of 3rd period - Deflect By Conor Garland.
14:02 of 3rd period - Shot Blocked by Tyson Barrie.
14:14 of 3rd period - Shot by Jack Roslovic.
14:14 of 3rd period - Shot Misses the Net.
14:16 of 3rd period - Shot by Tyson Barrie.
14:16 of 3rd period - Shot Misses the Net.
15:09 of 3rd period - Shot by Victor Olofsson.
15:09 of 3rd period - Stopped by Vitek Vanecek without a rebound.
15:10 of 3rd period - Erik Haula wins face-off versus Drake Caggiula in Red Wings zone.
15:10 of 3rd period - Phil Kessel is hit by Oliver Ekman-Larsson and loses puck.
15:13 of 3rd period - Shot by Phil Kessel.
15:13 of 3rd period - Stopped by Vitek Vanecek without a rebound.
15:14 of 3rd period - Sean Kuraly wins face-off versus Tomas Hertl in Red Wings zone.
15:29 of 3rd period - Shot by Sean Kuraly.
15:29 of 3rd period - Shot Misses the Net.
15:31 of 3rd period - Shot by Jakob Chychrun.
15:31 of 3rd period - Stopped by Darcy Kuemper without a rebound.
15:32 of 3rd period - Jakob Silfverberg wins face-off versus Max Domi in Sabres zone.
15:32 of 3rd period - Jakob Silfverberg is hit by Max Domi.
16:01 of 3rd period - Miles Wood is hit by Radko Gudas and loses puck.
16:07 of 3rd period - Icing by Sean Walker.
16:08 of 3rd period - Tomas Hertl wins face-off versus Max Domi in Red Wings zone.
16:08 of 3rd period - Tyson Barrie is hit by Danny DeKeyser.
16:10 of 3rd period - Shot by Tomas Hertl.
16:10 of 3rd period - Stopped by Vitek Vanecek without a rebound.
16:11 of 3rd period - Anthony Mantha wins face-off versus Conor Garland in Red Wings zone.
16:16 of 3rd period - Shot by Victor Olofsson.
16:16 of 3rd period - Shot Blocked by Jakob Chychrun.
16:24 of 3rd period - Shot by Anthony Mantha.
16:24 of 3rd period - Shot Blocked by Jakob Chychrun.
16:40 of 3rd period - Shot by Victor Olofsson.
16:40 of 3rd period - Stopped by Vitek Vanecek without a rebound.
16:41 of 3rd period - Sean Kuraly wins face-off versus Erik Haula in Red Wings zone.
18:04 of 3rd period - Jonas Brodin is hit by Jakob Chychrun and loses puck.
19:05 of 3rd period - Red Wings, Vitek Vanecek is pulled from the net.
19:05 of 3rd period - Shot by Tyler Bertuzzi.
19:05 of 3rd period - Stopped by Darcy Kuemper without a rebound.
19:06 of 3rd period - Tomas Hertl wins face-off versus Derick Brassard in Sabres zone.
19:21 of 3rd period - Shot by Phil Kessel.
19:21 of 3rd period - Goal by Phil Kessel - Sabres : 4 - Red Wings : 2.
19:21 of 3rd period - Vitek Vanecek from Red Wings was sent back in the game.
19:22 of 3rd period - Zack Kassian wins face-off versus Tyler Bozak in neutral zone.
19:39 of 3rd period - Shot by Tyler Bozak.
19:39 of 3rd period - Shot Misses the Net.
19:41 of 3rd period - Shot by Radko Gudas.
19:41 of 3rd period - Stopped by Vitek Vanecek without a rebound.
19:42 of 3rd period - Erik Haula wins face-off versus Derick Brassard in Red Wings zone.
19:57 of 3rd period - Shot by Erik Haula.
19:57 of 3rd period - Stopped by Vitek Vanecek without a rebound.
19:58 of 3rd period - Tomas Hertl wins face-off versus Max Domi in Red Wings zone.
Goals for this period are 1 for Sabres vs 0 for Red Wings.
Shots for this period are 14 for Sabres vs 7 for Red Wings.